 Dungeon Crawl Stone Soup version 0.28-a0-1524-ge72afd5fc6 (webtiles) character file.

Game seed: 17101009185896488437

2179 comborobin the Grappler (level 9, -2/63 HPs)
             Began as an Octopode Cinder Acolyte on Jan 18, 2022.
             Was a Believer of Cheibriados.
             Slain by a sky beast (4 damage)
             ... on level 8 of the Dungeon.
             The game lasted 00:08:15 (8073 turns).

comborobin the Grappler (Octopode Cinder Acolyte)   Turns: 8073, Time: 00:08:16

Health: -2/63      AC:  1    Str: 17    XL:     9   Next: 33%
Magic:  11/11      EV: 14    Int: 25    God:    Cheibriados [**....]
Gold:   141        SH:  5    Dex: 11    Spells: 8/11 levels left

rFire   . . .      SeeInvis .     - Unarmed
rCold   . . .      Faith    .   (no shield)
rNeg    + . .      Spirit   .   (helmet restricted)
rPois   .          Reflect  +   j - amulet of reflection
rElec   .          Harm     .   f - ring of wizardry
rCorr   .          Rampage  .   s - ring of positive energy
Will    .....                   (no ring)
Stlth   ++........              (no ring)
HPRegen 0.20/turn               (no ring)
MPRegen 0.12/turn               (no ring)
                                (no ring)
                                (no ring)

@: fire susceptible, very slow
A: almost no armour, amphibious, 8 rings, camouflage 1, gelatinous body 1,
(nimble swimmer 1), tentacles
a: Renounce Religion, Bend Time


You were on level 8 of the Dungeon.
You worshipped Cheibriados.
Cheibriados was pleased with you.
You visited 1 branch of the dungeon, and saw 8 of its levels.

You collected 361 gold pieces.
You spent 220 gold pieces at shops.

Inventory:

Missiles
 a - 12 poisoned darts (quivered)
Armour
 e - the +1 robe of Vines {NoPotionHeal Regen++++}
   (You found it on level 4 of the Dungeon)

   Its wearer cannot be healed by potions.
   Regen:     It increases your rate of health regeneration.
Magical Staves
 i - a staff of poison
Jewellery
 f - a ring of wizardry (left tentacle)
 j - an amulet of reflection (around mantle)
 s - a ring of positive energy (right tentacle)
Wands
 x - a wand of iceblast (8)
Scrolls
 b - 4 scrolls of identify {unknown}
 c - 3 scrolls of vulnerability {unknown}
 g - a scroll of enchant weapon {unknown}
 k - a scroll of noise {unknown}
 m - a scroll of silence {unknown}
 n - 3 scrolls of immolation
 p - a scroll of fear {unknown}
 v - a scroll of enchant armour {unknown}
Potions
 h - 2 potions of haste {unknown}
 o - a potion of berserk rage {unknown}
 q - a potion of flight {unknown}
 r - a potion of might {unknown}
 t - 2 potions of invisibility {unknown}
 u - a potion of cancellation {unknown}
 w - a potion of mutation {unknown}
 z - 2 potions of resistance {unknown}


   Skills:
 - Level 6.4 Fighting
 - Level 5.4 Dodging
 - Level 8.6 Unarmed Combat
 - Level 1.5 Spellcasting
 - Level 3.3 Fire Magic
 + Level 3.8 Poison Magic


You had 8 spell levels left.
You knew the following spells:

 Your Spells              Type           Power      Damage    Failure   Level
b - Poisonous Vapours     Pois/Air       22%        N/A       3%          2
k - Sting                 Tmut/Pois      44%        1d5       2%          1

Your spell library contained the following spells:

 Spells                   Type           Power      Damage    Failure   Level
 Scorch                   Fire           36%        2d6       1%          2
 Olgreb's Toxic Radiance  Pois           21%        N/A       10%         4
 Flame Wave               Conj/Fire      10%        2d5       24%         4
 Summon Forest            Summ/Tloc      0%         N/A       75%         5
 Eringya's Noxious Bog    Tmut/Pois      5%         N/A       96%         6
 Summon Cactus Giant      Summ           0%         N/A       99%         6
 Summon Hydra             Summ           0%         N/A       100%        7


Dungeon Overview and Level Annotations

Branches:
Dungeon (7/15)             Temple (0/1) D:4

Altars:
Ashenzari
Cheibriados
Elyvilon
Hepliaklqana
Kikubaaqudgha
Okawaru
Vehumet
Xom
Yredelemnul
Zin
The Shining One

Shops:
D:3 :   D:4 ?

Annotations:
D:3 7 runed translucent doors, Crazy Yiuf; Pin's ghost, amateur FoAK; awesomeguy42's ghost, amateur HuNe
D:6 1 runed translucent door, psuckher's ghost, weakling BaDe


Innate Abilities, Weirdness & Mutations

You cannot wear most types of armour.
You are amphibious.
You can wear up to eight rings at the same time.
Your skin changes colour to match your surroundings (Stealth+).
Your rubbery body absorbs attacks. (AC +1, EV +1)
((You are camouflaged when in or above water. (Stealth+)))
You have tentacles for arms and can constrict up to eight enemies at once.


Message History

Aim: a fire elemental (flame, almost destroyed, durably summoned, covered in acid, 64% to hit)
The bolt of acid hits the fire elemental!
The acid corrodes the fire elemental!
The fire elemental is heavily damaged.
The bolt of acid misses the fire elemental.
The fire elemental hits you. The fire elemental burns you!
* * * LOW HITPOINT WARNING * * *
Unknown command.
Aiming: Corrosive Bolt
Press: ? - help, Shift-Dir - straight line, f/p - fire elemental
Aim: a fire elemental (almost destroyed, durably summoned, covered in acid, 64% to hit)
The bolt of acid hits the fire elemental!
The fire elemental seems to be corroded for longer.
The fire elemental is severely damaged.
The bolt of acid misses the fire elemental.
The now-empty wand crumbles to dust.
The fire elemental barely misses you.
The fire elemental completely misses you.
Unknown command.
You don't have any such object.
Evoke which item? (* to show all) (? for menu, Esc to quit)
Okay, then.
Aiming: Iceblast
Press: ? - help, Shift-Dir - straight line, f/p - fire elemental
Aim: a fire elemental (almost destroyed, durably summoned, covered in acid)
Okay, then.
Okay, then.
You feel better. The fire elemental barely misses you.
You feel better.
A sky beast comes into view.
The fire elemental hits you. The fire elemental burns you!
* * * LOW HITPOINT WARNING * * *
Okay, then.
Aiming: Iceblast
Press: ? - help, Shift-Dir - straight line, f - fire elemental, p - fire elemental
Aim: a fire elemental (severely damaged, durably summoned, covered in acid)
Okay, then.
The fire elemental hits you. The fire elemental burns you!
* * * LOW HITPOINT WARNING * * *
The sky beast hits you.
You die...

# .##
... ..
###..##
#.. ..#
#Y# #.#
#@# #.#
#E###.#
#E○☼..#
###.###
#.# #.#
#.# #.#
..#


You could see 2 fire elementals and a sky beast.

Vanquished Creatures
  Sigmund (D:2)
  3 fire elementals
  Eustachio (D:5)
  2 water moccasins (D:6)
  An ice beast (D:6)
  3 sky beasts (D:6)
  A black bear (D:4)
  An ogre (D:6)
  2 necrophages
  2 kobold brigands
  2 bullfrogs (D:7)
  2 scorpions (D:6)
  A bullfrog zombie (D:6)
  An orc priest (D:5)
  A gnoll shaman (D:6)
  2 jellies
  3 hounds
  A bullfrog skeleton (D:6)
  An orc wizard (D:3)
  A hound zombie (D:3)
  A hound skeleton (D:4)
  A howler monkey zombie (D:7)
  9 gnolls
  4 adders
  An ufetubus (D:5)
  An adder skeleton (D:5)
  3 worms
  3 dart slugs
  8 orcs
  5 ball pythons
  9 endoplasms
  3 giant cockroaches
  4 goblins
  4 hobgoblins
  4 jackals (D:2)
  3 quokkas
  A ball python zombie (D:3)
  6 bats
  2 frilled lizards
  20 kobolds
  3 rats
127 creatures vanquished.

Vanquished Creatures (others)
  158 foxfires
158 creatures vanquished.

Grand Total: 285 creatures vanquished

Notes
Turn   | Place    | Note
-------+----------+-------------------------------------------
     0 | D:1      | comborobin the Octopode Cinder Acolyte began the quest for
                  | the Orb.
     0 | D:1      | Reached XP level 1. HP: 16/16 MP: 2/2
   141 | D:2      | Reached XP level 2. HP: 21/21 MP: 3/3
   268 | D:3      | Found a hazy altar of Hepliaklqana.
   276 | D:4      | Found Casol's Magic Scroll Emporium.
   400 | D:4      | Reached XP level 3. HP: 17/26 MP: 3/5
   515 | D:4      | Found a white marble altar of Elyvilon.
   537 | D:4      | Noticed a black bear
   547 | D:4      | Killed a black bear
   548 | D:4      | Reached skill level 1 in Dodging
   548 | D:4      | Reached skill level 4 in Unarmed Combat
   548 | D:4      | Reached XP level 4. HP: 18/33 MP: 6/6
   548 | D:4      | Reached XP level 5. HP: 20/37 MP: 7/7
   708 | D:4      | Found the +1 robe of Vines {NoPotionHeal Regen++++}
   709 | D:4      | Found a staircase to the Ecumenical Temple.
  1079 | D:4      | Noticed a necrophage
  1090 | D:4      | Killed a necrophage
  1091 | D:4      | Reached skill level 5 in Unarmed Combat
  1091 | D:4      | Reached XP level 6. HP: 37/43 MP: 8/8
  1260 | D:5      | Entered Level 5 of the Dungeon
  1281 | D:5      | Found a shimmering altar of Xom.
  1933 | D:5      | Noticed Eustachio
  2120 | D:5      | Killed Eustachio
  2121 | D:5      | Reached XP level 7. HP: 36/49 MP: 9/9
  2251 | D:5      | Found a broken altar of Ashenzari.
  2255 | D:5      | Found a glowing golden altar of the Shining One.
  2629 | D:6      | Reached skill level 6 in Unarmed Combat
  2842 | D:6      | Reached skill level 5 in Fighting
  3117 | D:6      | Found a runed translucent door.
  3124 | D:6      | Noticed a troll
  3124 | D:6      | Noticed psuckher's ghost (weakling BaDe)
  3264 | D:6      | Reached XP level 8. HP: 34/55 MP: 10/10
  3501 | D:6      | Reached skill level 7 in Unarmed Combat
  4041 | D:6      | Found a radiant altar of Vehumet.
  4561 | D:6      | Found a snail-covered altar of Cheibriados.
  4652 | D:6      | Reached skill level 5 in Dodging
  4652 | D:6      | Reached skill level 8 in Unarmed Combat
  5068 | D:6      | Fell from the grace of Ignis
  5068 | D:6      | Became a worshipper of Cheibriados the Contemplative
  5636 | D:1      | Reached * piety under Cheibriados
  5666 | D:1      | Found a faded altar of an unknown god.
  6527 | D:1      | Found an iron altar of Okawaru.
  6598 | D:2      | Noticed Sigmund
  6603 | D:2      | Killed Sigmund
  6604 | D:2      | Reached XP level 9. HP: 54/63 MP: 11/11
  7003 | D:3      | Found a runed translucent gate.
  7003 | D:3      | Found a runed translucent gate.
  7005 | D:3      | Found a runed translucent gate.
  7009 | D:3      | Noticed Pin's ghost (amateur FoAK)
  7074 | D:3      | Found a glowing silver altar of Zin.
  7148 | D:3      | Found a runed translucent gate.
  7148 | D:3      | Noticed awesomeguy42's ghost (amateur HuNe)
  7149 | D:3      | Found a runed translucent gate.
  7149 | D:3      | Found a runed translucent gate.
  7155 | D:3      | Found a basalt altar of Yredelemnul.
  7286 | D:2      | Reached ** piety under Cheibriados
  7523 | D:3      | Found an ancient bone altar of Kikubaaqudgha.
  7592 | D:3      | Found Xaukits's Book Shoppe.
  7598 | D:3      | Bought a Young Poisoner's Handbook for 220 gold pieces
  7600 | D:3      | Learned a level 1 spell: Sting
  7603 | D:3      | Learned a level 2 spell: Poisonous Vapours
  7652 | D:3      | Found a runed translucent door.
  7653 | D:3      | Noticed Crazy Yiuf
  7908 | D:7      | Reached skill level 1 in Poison Magic
  7995 | D:7      | You fall into a shaft and drop 1 floor!
  8073 | D:8      | HP: 2/63 [fire elemental[the fiery vengeance of Ignis] (9)]
  8073 | D:8      | Slain by a sky beast

Illustrated notes

Levels and vault maps discovered:
D:1:      dpeg_arrival_water_altar, layout_basic,
          dreamdust_ecumenical_altar_statues, serial_curves, eino_curves_04,
          eino_curves_03
D:2:      layout_basic, minmay_puff, uniq_sigmund
D:3:      layout_rooms, nicolae_yredelemnul_ghost_church,
          mainiacjoe_overflow_catwalk_spiral, mainiacjoe_overflow_24_doors,
          serial_shops, shop, gammafunk_ghost_split, kennysheep_generic_room_14,
          uniq_crazy_yiuf_cottage
D:4:      layout_rooms, mainiacjoe_overflow_boulevard, temple_fountains,
          serial_shops, nicolae_square_shop
D:5:      layout_gridville, mainiacjoe_overflow_chevrons, minitemple,
          uniq_eustachio
D:6:      layout_cave_pods, mainiacjoe_overflow_catwalk,
          mainiacjoe_overflow_alcove_2, ebering_ghost_inner_flame
D:7:      minmay_slanted_spiral_squares, layout_rooms, uniq_duvessa
D:8:      layout_loops_corners

Skill      XL: |  1  2  3  4  5  6  7  8  9 |
---------------+----------------------------+-----
Dodging        | 1 2 3 5 |  5.4
Unarmed Combat | 4 5 6 8 |  8.6
Fighting       | 4 5 6 |  6.4
Poison Magic   | 3 |  3.8
Spellcasting   | |  1.5
Fire Magic     | |  3.3

Action                   |  1- 3 |  4- 6 |  7- 9 || total
-------------------------+-------+-------+-------++-------
Melee: Unarmed           |    39 |    46 |   208 ||   293
       Tentacles         |     9 |    11 |    48 ||    68
       Constrict         |     8 |     9 |    53 ||    70
       Punch             |     2 |     2 |    15 ||    19
Throw: Dart              |       |     2 |     8 ||    10
Invok: Foxfire Swarm     |       |     2 |     6 ||     8
Evoke: Wand              |       |       |    10 ||    10
  Use: Scroll            |     1 |     1 |       ||     2
       Potion            |       |       |     4 ||     4
 Stab: Sleeping          |     1 |     1 |     5 ||     7
Armor: Skin              |     5 |    15 |    23 ||    43
Dodge: Dodged            |    26 |    50 |   144 ||   220
Block: Other             |       |       |    33 ||    33
       Reflection        |       |       |     1 ||     1

Table legend: (Time is in decaauts)
 A = Elapsed time spent in this place.
 B = Non-inter-level travel time spent in this place.
 C = Inter-level travel time spent in this place.
 D = Time resting spent in this place.
 E = Time spent auto-exploring this place.
 F = Levels seen in this place.
 G = Mean time per level.
                   A        B        C        D        E       F      G
               +--------+--------+--------+--------+--------+-----+--------+
         Total |   8822 |   8371 |    451 |   1701 |   5516 |   8 | 1102.8 |
       Dungeon |   8822 |   8371 |    451 |   1701 |   5516 |   8 | 1102.8 |
               +--------+--------+--------+--------+--------+-----+--------+

Top non-repeatable levels by time:
     D:6: 2252 daAuts
     D:5: 1619 daAuts
     D:1: 1410 daAuts
     D:4: 1149 daAuts
     D:2: 1115 daAuts
     D:3: 1098 daAuts
     D:7: 95 daAuts
     D:8: 80 daAuts
